 Dungeon Crawl Stone Soup version 0.21-a0-531-gacddea6 (webtiles) character file.

27918 ninu the Warrior (level 13, -19/134 HPs)
             Began as a Minotaur Fighter on Dec 12, 2017.
             Was a Follower of Ru.
             Killed from afar by an ice dragon (37 damage)
             ... with a blast of cold
             ... in an ice cave.
             The game lasted 00:42:00 (17039 turns).

ninu the Warrior (Minotaur Fighter)                Turns: 17039, Time: 00:42:01

Health: -19/134    AC: 18    Str: 24    XL:     13   Next: 7%
Magic:  12/12      EV: 16    Int: 10    God:    Ru [*.....]
Gold:   877        SH: 13    Dex: 14    Spells: 12/12 levels left

rFire    + . .     SeeInvis +   C - +4 war axe of a wizard's laboratory {freeze, MR+ Dex+2}
rCold    . . .     Gourm    .   c - +0 shield
rNeg     . . .     Faith    .   E - +5 scale mail "Nav Reecau" {MR- Int+5 SInv}
rPois    .         Spirit   .   (helmet restricted)
rElec    .         Reflect  +   I - +0 cloak
rCorr    .         Harm     .   k - +1 pair of gloves
MR       .....                  l - +0 pair of boots
Stlth    ..........             J - +3 amulet of reflection
HPRegen  0.32/turn              D - ring of protection from fire
MPRegen  0.13/turn              S - +3 ring of evasion

@: no status effects
A: retaliatory headbutt, horns 2, no stealth, disrupted magic 1
a: Renounce Religion


You were in an ice cave.
You worshipped Ru.
Ru was aware of your devotion.
You were very hungry.

You visited 2 branches of the dungeon, and saw 14 of its levels.
You also visited: Ice Cave.

You collected 877 gold pieces.

Inventory:

Hand Weapons
 C - the +4 war axe of a wizard's laboratory (weapon) {freeze, MR+ Dex+2}
   (You found it on level 8 of the Dungeon)

   It has been specially enchanted to freeze those struck by it, causing extra
   injury to most foes and up to half again as much damage against particularly
   susceptible opponents.
   It can also slow down cold-blooded creatures.
   It affects your dexterity (+2).
   It affects your resistance to hostile enchantments.
Missiles
 n - 8 javelins (quivered)
Armour
 b - a +0 chain mail
 c - a +0 shield (worn)
 k - a +1 pair of gloves (worn)
 l - a +0 pair of boots (worn)
 y - a +3 leather armour
 E - the +5 scale mail "Nav Reecau" (worn) {MR- Int+5 SInv}
   (You found it on level 10 of the Dungeon)

   It affects your intelligence (+5).
   It affects your resistance to hostile enchantments.
   It lets you see invisible.
 I - a +0 cloak (worn)
Jewellery
 m - an uncursed amulet of faith
 B - a +2 amulet of reflection
 D - a ring of protection from fire (left hand)
 F - an uncursed ring of fire
 J - a +3 amulet of reflection (around neck)
 S - a +3 ring of evasion (right hand)
Wands
 i - a wand of scattershot (8)
 q - a wand of flame (22)
 t - a wand of paralysis (31)
 v - a wand of digging (26)
 L - a wand of random effects (18)
 M - a wand of acid (5)
Scrolls
 d - 3 scrolls of fog
 e - 5 scrolls of remove curse
 j - 6 scrolls of amnesia
 r - 6 scrolls of teleportation
 u - 6 scrolls of enchant weapon {unknown}
 x - a scroll of blinking
 H - 4 scrolls of enchant armour
 N - a scroll of magic mapping {unknown}
 P - a scroll of fear
Potions
 o - 5 potions of brilliance
 p - a potion of flight
 s - 7 potions of curing
 A - 2 potions of resistance
 Q - a potion of ambrosia {unknown}
Books
 h - the Handbook of Assistive Cold
   (You found it on level 10 of the Dungeon)

   Spells                             Type                      Level
   a - Infusion                       Charms                       1
   b - Throw Icicle                   Conjuration/Ice              4
   c - Summon Ice Beast               Ice/Summoning                4
 z - a book of Clouds

   Spells                             Type                      Level
   a - Poisonous Vapours              Poison/Air                   2
   b - Mephitic Cloud                 Conjuration/Poison/Air       3
   c - Conjure Flame                  Conjuration/Fire             3
   d - Freezing Cloud                 Conjuration/Ice/Air          6
   e - Ring of Flames                 Charms/Fire                  7
 G - a book of Conjurations

   Spells                             Type                      Level
   a - Magic Dart                     Conjuration                  1
   b - Searing Ray                    Conjuration                  2
   c - Dazzling Spray                 Conjuration/Hexes            3
   d - Fulminant Prism                Conjuration/Hexes            4
   e - Force Lance                    Conjuration/Translocation    4
   f - Iskenderun's Mystic Blast      Conjuration                  4
Miscellaneous
 R - a box of beasts
Comestibles
 f - 12 bread rations
 g - 9 meat rations
 w - 14 royal jellies
 K - 2 fruits


   Skills:
 - Level 18.0 Fighting
 * Level 14.1 Axes
 + Level 8.6 Armour
 + Level 8.1 Dodging
 - Level 3.6 Shields


You had 12 spell levels left.
You didn't know any spells.

Dungeon Overview and Level Annotations

Branches:
Dungeon (10/15)            Temple (0/1) D:4            Lair (4/6) D:10
  Swamp (0/4) Lair:2        Snake (0/4) Lair:2          Orc (0/2) D:9

Altars:
Ashenzari
Cheibriados
Dithmenos
Elyvilon
Hepliaklqana
Nemelex Xobeh
Okawaru
Ru
Uskayaw
Vehumet
Wu Jian
Yredelemnul
Zin
The Shining One

Shops:
D:7 (

Annotations:
D:7 exclusion: statue


Innate Abilities, Weirdness & Mutations

You reflexively headbutt those who attack you in melee.
You have a pair of horns on your head.
You cannot be stealthy.
Your casting is slightly disrupted.


Message History

The ice dragon is severely wounded.
You slash the ice dragon! You freeze the ice dragon.
The ice dragon closely misses you. You block the ice dragon's attack.
The ice dragon tramples you but does no damage.
The ice dragon breathes frost at you. The blast of cold hits you!
* * * LOW HITPOINT WARNING * * *
You slash the ice dragon! You freeze the ice dragon.
You headbutt the ice dragon.
The ice dragon is severely wounded.
You closely miss the ice dragon. You block the ice dragon's attack. x2
The ice dragon misses you.
The ice dragon bites you but does no damage.
You block the ice dragon's attack. The ice dragon misses you.
You hit the ice dragon but do no damage.
The ice dragon is severely wounded.
You barely miss the ice dragon. The ice dragon breathes frost at you.
The blast of cold hits you!
You die...

########
####..DD..#
##.....@#.....#
#...##.###......#
#####..###
....... #...##.#
$....$$ ##.#....#
$$..$=.
##..###.##
$$$$$## ####..##
### ######
###....##
......##


You could see 2 ice dragons.

Vanquished Creatures
  3 hydras
  A two-headed ogre (D:10)
  A flayed ghost (D:10)
  An orc sorcerer (D:10)
  3 black mambas
  Maurice (D:10)
  2 ice statues (IceCv)
  12 spiny frogs
  6 komodo dragons
  2 rime drakes (IceCv)
  A freezing wraith (D:10)
  A polar bear (Lair:4)
  Grinder (D:5)
  3 hornets (D:10)
  A troll (D:9)
  5 blink frogs (Lair:4)
  5 hippogriffs
  A wyvern (D:9)
  The ghost of Daviar the Chopper, an amateur HOFi (D:3)
  18 yaks
  2 hungry ghosts
  A basilisk (Lair:3)
  2 wargs (D:10)
  Menkaure (D:5)
  A soldier ant (D:10)
  2 nagas (Lair:2)
  7 water moccasins
  5 porcupines
  A black bear (D:9)
  5 orc warriors
  17 ice beasts
  2 phantoms
  12 ogres
  2 sky beasts
  An eye of draining (D:10)
  6 wolves (Lair:2)
  6 centaurs
  6 crocodiles
  3 big kobolds (D:9)
  10 gnoll sergeants
  6 bullfrogs
  2 wyvern zombies
  2 wyvern skeletons (D:7)
  2 scorpions
  3 wights (D:8)
  A howler monkey (D:6)
  7 crimson imps
  A quasit (D:7)
  5 orc priests
  2 hounds
  2 jellies
  9 orc wizards
  3 centaur skeletons
  Jessica (D:2)
  2 gnoll shamans
  5 iguanas
  9 worker ants
  2 hound skeletons
  A howler monkey zombie (D:6)
  A worker ant zombie (D:9)
  18 gnolls
  12 adders
  A howler monkey skeleton (D:5)
  A shadow imp (D:8)
  2 oozes
  2 adder zombies
  A worm (D:4)
  3 dart slugs
  6 leopard geckos
  24 orcs
  A ball python (D:4)
  7 bats
  4 giant cockroaches
  7 goblins
  8 hobgoblins
  11 jackals
  4 quokkas
  7 frilled lizards
  10 kobolds
  4 leopard gecko skeletons
  11 rats
  A plant (Lair:2)
372 creatures vanquished.

Vanquished Creatures (others)
  A yak (Lair:4)
  A centaur (D:10)
  7 fungi
  3 plants
12 creatures vanquished.

Grand Total: 384 creatures vanquished

Notes
Turn   | Place    | Note
-------+----------+-------------------------------------------
     0 | D:1      | ninu the Minotaur Fighter began the quest for the Orb.
     0 | D:1      | Reached XP level 1. HP: 19/19 MP: 0/0
   126 | D:1      | Reached XP level 2. HP: 26/26 MP: 1/1
   460 | D:1      | Reached XP level 3. HP: 30/31 MP: 2/2
   869 | D:2      | Noticed Jessica
   879 | D:2      | Killed Jessica
   879 | D:2      | Reached skill level 5 in Axes
   879 | D:2      | Reached XP level 4. HP: 34/39 MP: 3/3
   899 | D:2      | Found a sacrificial altar of Ru.
   901 | D:2      | Reached skill level 1 in Dodging
  1041 | D:2      | Became a worshipper of Ru the Awakened
  1132 | D:2      | Found a sparkling altar of Nemelex Xobeh.
  1255 | D:2      | Found a hide-covered altar of Uskayaw.
  1255 | D:2      | Found a basalt altar of Yredelemnul.
  1414 | D:3      | Noticed Daviar's ghost (amateur HOFi)
  1422 | D:3      | Killed Daviar's ghost
  1422 | D:3      | Reached XP level 5. HP: 24/45 MP: 4/4
  1669 | D:3      | Reached XP level 6. HP: 51/51 MP: 5/5
  1885 | D:3      | Found an iron altar of Okawaru.
  2289 | D:4      | Found a staircase to the Ecumenical Temple.
  2626 | D:4      | Reached XP level 7. HP: 54/57 MP: 6/6
  3371 | D:4      | Reached skill level 10 in Axes
  3420 | D:4      | Reached skill level 4 in Fighting
  3420 | D:4      | Reached XP level 8. HP: 58/66 MP: 7/7
  3734 | D:5      | Entered Level 5 of the Dungeon
  3759 | D:5      | Found a white marble altar of Elyvilon.
  3759 | D:5      | Found a glowing golden altar of the Shining One.
  3759 | D:5      | Found a glowing silver altar of Zin.
  3782 | D:5      | Noticed Menkaure
  3788 | D:5      | Killed Menkaure
  3788 | D:5      | Reached skill level 5 in Fighting
  3790 | D:5      | Noticed Grinder
  4237 | D:5      | Reached skill level 6 in Fighting
  4251 | D:5      | Killed Grinder
  4251 | D:5      | Reached skill level 7 in Fighting
  4556 | D:5      | Reached skill level 8 in Fighting
  4559 | D:5      | Found a shadowy altar of Dithmenos.
  4578 | D:5      | You fall through a shaft for 2 floors!
  4795 | D:6      | Reached skill level 9 in Fighting
  4924 | D:6      | Reached XP level 9. HP: 62/84 MP: 8/8
  5185 | D:6      | Reached skill level 10 in Fighting
  5814 | D:7      | Found a radiant altar of Vehumet.
  5929 | D:7      | Found a shattered altar of Ashenzari.
  5947 | D:7      | Reached skill level 11 in Fighting
  5967 | D:7      | Found Qimots's Weapon Emporium.
  6540 | D:8      | Got a warped war axe
  6561 | D:8      | Identified the +4 war axe of a wizard's laboratory {freeze, MR+ Dex+2} (You found it on level 8 of the Dungeon)
  6747 | D:8      | Reached skill level 12 in Fighting
  7266 | D:8      | Reached skill level 13 in Fighting
  7272 | D:8      | Found a hazy altar of Hepliaklqana.
  7420 | D:8      | Reached XP level 10. HP: 91/101 MP: 9/9
  8158 | D:9      | Reached skill level 14 in Fighting
  8614 | D:9      | Found a snail-covered altar of Cheibriados.
  8690 | D:9      | Noticed a two-headed ogre
  8728 | D:9      | Found a staircase to the Orcish Mines.
  8809 | D:9      | Reached skill level 15 in Fighting
  9133 | D:10     | Entered Level 10 of the Dungeon
  9228 | D:10     | Found a staircase to the Lair.
  9246 | D:10     | Reached skill level 16 in Fighting
  9541 | D:10     | Found an ornate altar of the Wu Jian Council.
  9554 | D:10     | Noticed an orc sorcerer
  9556 | D:10     | Killed an orc sorcerer
  9556 | D:10     | Reached XP level 11. HP: 63/114 MP: 10/10
  9559 | D:10     | Noticed a flayed ghost
  9565 | D:10     | Killed a flayed ghost
  9581 | D:10     | Identified the Handbook of Assistive Cold
  9590 | D:10     | Got a spiked scale mail
  9602 | D:10     | Identified the +5 scale mail "Nav Reecau" {MR- Int+5 SInv} (You found it on level 10 of the Dungeon)
  9882 | D:10     | Noticed a two-headed ogre
  9890 | D:10     | Killed a two-headed ogre
  9890 | D:10     | Reached skill level 17 in Fighting
 10197 | D:10     | Noticed Maurice
 10204 | D:10     | Killed Maurice
 10632 | D:10     | Paralysed by a hornet for 2 turns
 10653 | D:10     | Paralysed by a hornet for 2 turns
 10658 | D:10     | Paralysed by a hornet for 2 turns
 11065 | D:10     | Reached skill level 18 in Fighting
 11202 | Lair:1   | Entered Level 1 of the Lair of Beasts
 11379 | Lair:1   | Noticed a five-headed hydra
 11393 | Lair:1   | Killed a 12-headed hydra
 12281 | Lair:1   | Reached skill level 5 in Dodging
 12289 | Lair:1   | Reached skill level 5 in Armour
 12412 | Lair:2   | Gained mutation: You cannot be stealthy. [Ru sacrifice]
 12484 | Lair:2   | Found a staircase to the Snake Pit.
 12490 | Lair:2   | Reached XP level 12. HP: 96/127 MP: 11/11
 13128 | Lair:2   | Found a staircase to the Swamp.
 13470 | Lair:3   | Noticed a six-headed hydra
 13580 | Lair:3   | Noticed a six-headed hydra
 14144 | Lair:3   | Noticed a seven-headed hydra
 14715 | Lair:1   | Gained mutation: Your casting is slightly disrupted. [Ru sacrifice]
 14715 | Lair:1   | Reached * piety under Ru
 14834 | Lair:3   | Killed a 13-headed hydra
 14993 | Lair:3   | Got a polished war axe
 14994 | Lair:3   | Identified the cursed +0 war axe of the King {freeze, MP-9 Int+8} (You found it on level 3 of the Lair of Beasts)
 15217 | Lair:3   | Killed an 11-headed hydra
 15857 | Lair:4   | Found a frozen archway.
 15872 | IceCv    | Entered an ice cave
 15992 | IceCv    | Reached XP level 13. HP: 70/134 MP: 12/12
 15995 | IceCv    | HP: 3/134 [ice beast[an ice statue] (10)]
 17033 | IceCv    | HP: 5/134 [ice dragon/blast of cold (27)]
 17039 | IceCv    | Killed from afar by an ice dragon

Vault maps used:
D:1:      mainiacjoe_arrival_reflecting_pool, minivault_26, hex_medium
D:2:      lemuel_crystal_altar, nemelex_altar_shiori,
          gammafunk_temple_overflow_pools, kennysheep_generic_room_12,
          uniq_jessica
D:3:      okawaru_gym_becter
D:4:      temple_statues, first_bread, gup_sewer_entry_bowl, minmay_unequal
D:5:      lemuel_ratsnest, good_gods_mini_temple, kennysheep_mini,
          kennysheep_generic_room_8, uniq_grinder, uniq_menkaure,
          uniq_crazy_yiuf_cottage
D:7:      vehumet_statue, nicolae_overflow_crystal_walls, serial_shops, shop
D:8:      overflow_temple_1_default, serial_column_ruins,
          column_ruins_hut_ruined, column_ruins_grid_3,
          column_ruins_columns_straight, column_ruins_open_small
D:9:      overflow_temple_1_default, kennysheep_orc_monster_closet_entryway
D:10:     minmay_the_grid_3x2, erik_lair_orcish_takeover, basic_altar,
          hangedman_pestilent_swarm, uniq_maurice
Lair:1:   nicolae_quartered_pool_little, lemuel_fruit_tree
Lair:2:   swamp_mist_pool, minmay_snake_entry_guardpost_medium,
          beast_lair_carwin_7
Lair:3:   cheibrodos_lair_river_kwai
Lair:4:   portal_ice_cave_entry_pillars_1, small_statue_intersection,
          minivault_19, pf_torpor_hydra
IceCv:    ice_cave_small_dragons

Skill      XL: |  1  2  3  4  5  6  7  8  9 10 11 12 |
---------------+-------------------------------------+-----
Axes           | 3 4 5 7 8 10 11 14 | 14.1
Dodging        | 2 3 4 5 8 |  8.1
Fighting       | 4 9 13 16 18 | 18.0
Armour         | 5 8 |  8.6
Shields        | |  3.6

Action                   |  1- 3 |  4- 6 |  7- 9 | 10-12 | 13-15 || total
-------------------------+-------+-------+-------+-------+-------++-------
Melee: War axe           |    71 |   115 |   362 |   554 |    39 ||  1141
       Headbutt          |     6 |    14 |    78 |   126 |    15 ||   239
Throw: Javelin           |       |       |       |    11 |       ||    11
Invok: Sacrifice Stealth |       |       |       |     1 |       ||     1
       Sacrifice Essence |       |       |       |     1 |       ||     1
  Use: Potion            |       |     1 |       |     7 |     4 ||    12
       Scroll            |       |     8 |     1 |    11 |       ||    20
 Stab: Sleeping          |       |       |     1 |       |       ||     1
       Invisible         |       |       |       |     3 |       ||     3
       Distracted        |       |       |       |     1 |       ||     1
  Eat: Chunk             |       |     4 |    17 |    11 |       ||    32
       Fruit             |       |     2 |       |    10 |     2 ||    14
       Meat ration       |       |       |       |     2 |       ||     2
Armor: Scale mail        |    31 |    45 |    40 |   150 |    16 ||   282
       Leather armour    |       |       |    68 |       |       ||    68
       Chain mail        |       |       |     7 |    64 |       ||    71
       Skin              |       |       |       |    54 |       ||    54
Dodge: Dodged            |    18 |    39 |   112 |   203 |    21 ||   393
Block: Shield            |    37 |    45 |   182 |   414 |    20 ||   698
       Reflection        |       |       |     5 |     6 |       ||    11

Table legend:
 A = Spawn XP
 B = Non-spawn XP
 C = Spawn XP percentage of total XP
 D = Spawn monster count
 E = Non-spawn monster count
 F = Spawn count percentage of total count
 G = Total turns spent on level
                    A         B        C        D         E        F      G
               +---------+---------+-------+---------+---------+-------+---------
         Total |       0 |   39884 |   0.0 |       0 |     373 |   0.0 | 17039
               +---------+---------+-------+---------+---------+-------+---------
           D:1 |       0 |      60 |   0.0 |       0 |      28 |   0.0 |   847
           D:2 |       0 |      83 |   0.0 |       0 |      18 |   0.0 |   535
           D:3 |       0 |     258 |   0.0 |       0 |      22 |   0.0 |   756
           D:4 |       0 |    1071 |   0.0 |       0 |      36 |   0.0 |  2006
           D:5 |       0 |     881 |   0.0 |       0 |      15 |   0.0 |   434
           D:6 |       0 |     915 |   0.0 |       0 |      27 |   0.0 |   867
           D:7 |       0 |     745 |   0.0 |       0 |      19 |   0.0 |  1081
           D:8 |       0 |    1871 |   0.0 |       0 |      34 |   0.0 |  1483
           D:9 |       0 |    3418 |   0.0 |       0 |      34 |   0.0 |  1124
          D:10 |       0 |    7444 |   0.0 |       0 |      45 |   0.0 |  2069
        Lair:1 |       0 |    3860 |   0.0 |       0 |      11 |   0.0 |  1649
        Lair:2 |       0 |    4978 |   0.0 |       0 |      23 |   0.0 |  1551
        Lair:3 |       0 |    5644 |   0.0 |       0 |      18 |   0.0 |  1157
        Lair:4 |       0 |    5511 |   0.0 |       0 |      25 |   0.0 |   313
         IceCv |       0 |    3145 |   0.0 |       0 |      18 |   0.0 |  1167
               +---------+---------+-------+---------+---------+-------+---------
